 Dungeon Crawl Stone Soup version 0.29.0-11-gd7f09526c8 (webtiles) character file.

Game seed: 10113596563997610072

50 Frenzy the Slasher (level 3, -3/27 HPs)
             Began as a Vampire Gladiator on Sept 5, 2022.
             Was an Initiate of Okawaru.
             Succumbed to their own poison gas
             ... on level 3 of the Dungeon.
             The game lasted 00:17:20 (1992 turns).

Frenzy the Slasher (Vampire Gladiator)              Turns: 1992, Time: 00:17:20

Health: -3/27      AC: 11    Str: 13    XL:     3   Next: 55%
Magic:  3/3        EV: 19    Int: 10    God:    Okawaru [......]
Gold:   123        SH:  0    Dex: 23    Spells: 2/2 levels left

rFire   . . .      SeeInvis +   a - +0 long sword
rCold   . . .      Faith    .   (no shield)
rNeg    . . .      Spirit   .   p - +0 plate armour
rPois   .          Reflect  .   o - +0 helmet
rElec   .          Harm     .   (no cloak)
rCorr   .          Rampage  .   (no gloves)
Will    .....                   (no boots)
Stlth   ..........              t - amulet of the acrobat
HPRegen 0.29/turn               i - +6 ring of dexterity
MPRegen 0.08/turn               (no ring)

@: lethally poisoned (-3 -> -43), acrobatic, healing quickly
A: alive, fangs 3, see invisible, vampiric 2
a: Exsanguinate, Renounce Religion


You were on level 3 of the Dungeon.
You worshipped Okawaru.
Okawaru was noncommittal.
You visited 1 branch of the dungeon, and saw 3 of its levels.

You collected 123 gold pieces.

Inventory:

Hand Weapons
 a - a +0 long sword (weapon)
 g - a +0 club
 j - a +0 trident
Missiles
 d - 3 throwing nets (quivered)
 e - a javelin
Armour
 b - a +0 leather armour
 c - a +0 helmet
 o - a +0 helmet (worn)
 p - a +0 plate armour (worn)
Magical Staves
 n - a staff of air
Jewellery
 i - a +6 ring of dexterity (left hand)
 t - an amulet of the acrobat (around neck)
Scrolls
 r - a scroll of acquirement {unknown}
 s - a scroll of noise {unknown}
Potions
 f - a potion of flight
 k - a potion of magic
 l - a potion of might
 q - 2 potions of degeneration


   Skills:
 + Level 1.7 Fighting
 * Level 3.9 Long Blades
 + Level 1.8 Throwing
 * Level 1.1 Armour
 + Level 3.5 Dodging


You had 2 spell levels left.
You didn't know any spells.
Your spell library contained the following spells:

 Spells                   Type           Power      Damage    Failure   Level
 Necrotise                Necr           0%         1d4       100%        1
 Ozocubu's Armour         Ice            0%         N/A       100%        3
 Vampiric Draining        Necr           0%         2d6       100%        3
 Anguish                  Hex/Necr       0%         N/A       100%        4
 Ozocubu's Refrigeration  Ice            0%         4d7       100%        7
 Animate Dead             Necr           Unusable   N/A       N/A         4

Dungeon Overview and Level Annotations

Branches:
Dungeon (3/15)

Altars:
Kikubaaqudgha
Okawaru

Shops:
D:2 !(


Innate Abilities, Weirdness & Mutations

Your natural rate of healing is accelerated.
You have razor-sharp teeth.
You have supernaturally acute eyesight. (SInv)
You are afflicted with vampirism and can become a bat while bloodless.


Message History

[Y]es or [N]o only, please.
Really walk into that cloud of poison gas? [Y]es or [N]o only, please.
Really walk into that cloud of poison gas? [Y]es or [N]o only, please.
Really walk into that cloud of poison gas? [Y]es or [N]o only, please.
Really walk into that cloud of poison gas? [Y]es or [N]o only, please.
Really walk into that cloud of poison gas? [Y]es or [N]o only, please.
Really walk into that cloud of poison gas? [Y]es or [N]o only, please.
Really walk into that cloud of poison gas? [Y]es or [N]o only, please.
Really walk into that cloud of poison gas? [Y]es or [N]o only, please.
Really walk into that cloud of poison gas? [Y]es or [N]o only, please.
Really walk into that cloud of poison gas? [Y]es or [N]o only, please.
Really walk into that cloud of poison gas? [Y]es or [N]o only, please.
Really walk into that cloud of poison gas? [Y]es or [N]o only, please.
Really walk into that cloud of poison gas?
A gnoll comes into view. It is wielding a +0 club.
You are engulfed in poison gas.
You are poisoned.
You feel very sick.
The gnoll shouts!
You hear a shout! x2
A gnoll comes into view. It is wielding a +0 whip.
You are engulfed in poison gas.
You are lethally poisoned!
* * * LOW HITPOINT WARNING * * *
You feel extremely sick.
The gnoll shouts!
You are engulfed in poison gas.
You are more poisoned.
* * * LOW HITPOINT WARNING * * *
You die...

#########
g§§§§§§###
#§§§§§§§#
#.##§§§§§§§#
#.g§§§§@§§§#
####§§§§§§§#####
...§§§§§§§.§§§§#
####§§§§§§§###§#
#§§§§§§§§...#
#############


You could see 2 gnolls.

Vanquished Creatures
  2 adders
  2 bats (D:2)
  4 endoplasms
  2 giant cockroaches (D:1)
  4 goblins (D:1)
  2 hobgoblins
  4 jackals (D:2)
  3 kobolds (D:1)
  4 rats
27 creatures vanquished.

Vanquished Creatures (others)
  A plant (D:1)
  A withered plant (D:1)
2 creatures vanquished.

Grand Total: 29 creatures vanquished

Notes
Turn   | Place    | Note
-------+----------+-------------------------------------------
     0 | D:1      | Frenzy the Vampire Gladiator began the quest for the Orb.
     0 | D:1      | Reached XP level 1. HP: 16/16 MP: 1/1
   310 | D:1      | Reached XP level 2. HP: 17/22 MP: 2/2
   482 | D:1      | Found a faded altar of an unknown god.
   490 | D:1      | Prayed at the altar of an unknown god.
   490 | D:1      | Became a worshipper of Kikubaaqudgha
   490 | D:1      | Reached * piety under Kikubaaqudgha
   490 | D:1      | Received a gift from Kikubaaqudgha
   754 | D:2      | Gained mutation: You are afflicted with vampirism and can
                  | become a bat while bloodless. [Vampire growth]
   754 | D:2      | Reached XP level 3. HP: 27/27 MP: 3/3
  1185 | D:2      | Found an iron altar of Okawaru.
  1195 | D:2      | Fell from the grace of Kikubaaqudgha
  1195 | D:2      | Became a worshipper of Warmaster Okawaru
  1248 | D:2      | Found Owkaxyse's Antique Weapon Shop.
  1584 | D:2      | Found Edif's Distillery.
  1983 | D:3      | Reached skill level 1 in Armour
  1992 | D:3      | Succumbed to their own poison gas

Illustrated notes

Levels and vault maps discovered:
D:1:      sevenhm_arrival_forest_fort_large_4, layout_basic,
          shapermc_ecumenical_altar_flowoftime
D:2:      layout_basic, basic_altar, serial_shops, shop, nicolae_diamond_shop
D:3:      layout_basic, amethyst_overflow_temple_binary, uniq_terence

Skill      XL: |  1  2  3 |
---------------+----------+-----
Armour         | 1 |  1.1
Fighting       | |  1.7
Long Blades    | |  3.9
Throwing       | |  1.8
Dodging        | |  3.5

Action                   || total
-------------------------++-------
Melee: Long sword        ||    81
       Bite              ||     9
       Punch             ||     1
  Use: Scroll            ||     6
Armor: Leather armour    ||    14
       Plate armour      ||    19
Dodge: Dodged            ||    39
